 Dungeon Crawl Stone Soup version 0.28-a0-440-ge3cd3e9c68 (webtiles) character file.

Game seed: 1210912567217157786

7 gruber the Conjurer (level 2, 0/17 HPs)
             Began as an Octopode Conjurer on Sept 11, 2021.
             Slain by a goblin (2 damage)
             ... on level 1 of the Dungeon.
             The game lasted 00:00:23 (211 turns).

gruber the Conjurer (Octopode Conjurer)              Turns: 211, Time: 00:00:23

Health: 0/17       AC:  1    Str:  6    XL:     2   Next: 0%
Magic:  3/5        EV: 13    Int: 20    God:
Gold:   8          SH:  0    Dex: 10    Spells: 4/5 levels left

rFire   . . .      SeeInvis .   (no weapon)
rCold   . . .      Faith    .   (no shield)
rNeg    . . .      Spirit   .   (helmet restricted)
rPois   .          Reflect  .   (no amulet)
rElec   .          Harm     .   (no ring)
rCorr   .          Rampage  .   (no ring)
Will    .....                   (no ring)
Stlth   +++.......              (no ring)
HPRegen 0.05/turn               (no ring)
MPRegen 0.09/turn               (no ring)
                                (no ring)
                                (no ring)

@: no status effects
A: almost no armour, amphibious, 8 rings, camouflage 1, gelatinous body 1,
(nimble swimmer 1), tentacles
a: no special abilities


You were on level 1 of the Dungeon.
You visited 1 branch of the dungeon, and saw 1 of its levels.

You collected 8 gold pieces.

Inventory:

Potions
 a - a potion of magic {unknown}


   Skills:
 - Level 2.0 Dodging
 - Level 2.6 Stealth
 + Level 2.0 Spellcasting
 * Level 4.3 Conjurations


You had 4 spell levels left.
You knew the following spells:

 Your Spells              Type           Power      Damage    Failure   Level
a - Magic Dart            Conj           76%        1d6       2%          1

Your spell library contained the following spells:

 Spells                   Type           Power      Damage    Failure   Level
 Searing Ray              Conj           38%        2d5       4%          2
 Dazzling Flash           Conj/Hex       20%        N/A       19%         3
 Fulminant Prism          Conj/Hex       5%         3d7       54%         4
 Iskenderun's Mystic Bla  Conj/Tloc      10%        2d4       54%         4


Dungeon Overview and Level Annotations

Branches:
Dungeon (1/15)

Altars:


Innate Abilities, Weirdness & Mutations

You cannot wear most types of armour.
You are amphibious.
You can wear up to eight rings at the same time.
Your skin changes colour to match your surroundings (Stealth+).
Your rubbery body absorbs attacks. (AC +1, EV +1)
((You are camouflaged near water. (Stealth+)))
You have tentacles for arms and can constrict up to eight enemies at once.


Message History

A rat comes into view.
The magic dart hits the frilled lizard.
The frilled lizard is heavily wounded.
You are too depleted to draw on your mana recklessly!
You are too depleted to draw on your mana recklessly!
You are too depleted to draw on your mana recklessly!
You are too depleted to draw on your mana recklessly!
The frilled lizard hisses.
A kobold comes into view. It is wielding a +0 club.
A bat comes into view.
Found a war axe.
Found 7 gold pieces.
The goblin hits you with a +0 dagger.
You closely miss the goblin. You grab the goblin. You constrict the goblin.
The goblin hits you with a +0 dagger.
You release your grip on the goblin.
Found a scroll labelled JUIDAI ZEARR.
You miss the frilled lizard. Your grab misses the frilled lizard.
The frilled lizard barely misses you.
You barely miss the goblin. You grab the goblin. You squeeze the goblin.
The goblin is moderately wounded.
You constrict the goblin, but do no damage.
The frilled lizard barely misses you. The goblin hits you with a +0 dagger.
You tentacle-slap the goblin but do no damage.
The goblin is moderately wounded.
You constrict the goblin. The frilled lizard misses you. The kobold misses you.
The goblin hits you with a +0 dagger.
You release your grip on the goblin.
The frilled lizard bites you.
* * * LOW HITPOINT WARNING * * *
The rat bites you.
* * * LOW HITPOINT WARNING * * *
You are too injured to fight recklessly!
You are too injured to fight recklessly!
You are too injured to fight recklessly!
You barely miss the frilled lizard. You grab the frilled lizard.
You squeeze the frilled lizard.
You kill the frilled lizard!
The rat closely misses you. The kobold completely misses you.
You have reached level 2!
The rat barely misses you. The goblin hits you with a +0 dagger.
You die...

.## #......#....[≈......##
..###......##....≈......?#
#...........##..≈≈.......#
#####..)....##...≈≈......#
# #..............≈....).#
####.###..........≈......#
##≈#.# ######...........##
.≈≈≈.# #...gr.....##
..≈≈.# #...@.K.....#
...≈≈# #.......$...#
##.≈≈# #...........# #..≈#
##.........## #..≈#
##...#...## #.≈≈#
######### #..≈≈


You could see a goblin, a kobold and a rat.

Vanquished Creatures
  An endoplasm (D:1)
  2 goblins (D:1)
  A quokka (D:1)
  2 frilled lizards (D:1)
6 creatures vanquished.

Notes
Turn   | Place    | Note
-------+----------+-------------------------------------------
     0 | D:1      | gruber the Octopode Conjurer began the quest for the Orb.
     0 | D:1      | Reached XP level 1. HP: 11/11 MP: 3/3
   210 | D:1      | Reached XP level 2. HP: 2/17 MP: 3/5
   211 | D:1      | Slain by a goblin

Illustrated notes

Levels and vault maps discovered:
D:1:      lightli_arrival_isolated_outpost, layout_rooms, serial_rivers,
          chequers_serial_rivers_small_a, chequers_serial_rivers_small_3,
          chequers_serial_rivers_micro_e, chequers_serial_rivers_room_a,
          chequers_serial_rivers_small_a, minmay_gold_behind_fungi

Action                   || total
-------------------------++-------
Melee: Unarmed           ||    10
       Constrict         ||     3
       Tentacles         ||     3
 Cast: Magic Dart        ||     8
Dodge: Dodged            ||     9

Table legend: (Time is in decaauts)
 A = Elapsed time spent in this place.
 B = Non-inter-level travel time spent in this place.
 C = Inter-level travel time spent in this place.
 D = Time resting spent in this place.
 E = Time spent auto-exploring this place.
 F = Levels seen in this place.
 G = Mean time per level.
                   A        B        C        D        E       F      G
               +--------+--------+--------+--------+--------+-----+--------+
         Total |    211 |    211 |      0 |      0 |    162 |   1 |  211.0 |
       Dungeon |    211 |    211 |      0 |      0 |    162 |   1 |  211.0 |
               +--------+--------+--------+--------+--------+-----+--------+

Top non-repeatable levels by time:
     D:1: 211 daAuts
